Map: Abyssal Reef LE

Players

Snute - Winner!

  • Race: Zerg Zerg
  • Spawn Location: 5:00

Kelazhur

  • Race: Terran Terran
  • Spawn Location: 11:00

Event: WCS Montreal 2017

VOD

Have the link to the VOD?

Description

Time

  • Played on: Sept. 9, 2017, 7:48 p.m.
  • Length: 31:10

All games in this series

Show
View Real Time Build Order
Export as new Build Order

Snute Zerg - Winner!

Build Orders: Pool First, Brood Lord Corruptor 

Get SALT Encoding   

  12  0:00  Drone  
  13  0:12  Overlord  
  13  0:16  Drone  
  14  0:30  Drone x2  
  14  0:34  Drone  
  17  0:44  Spawning Pool  
  17  0:48  Drone  
  17  1:09  Hatchery  
  17  1:11  Drone  
  17  1:14  Drone  
  17  1:17  Extractor  
  17  1:20  Drone  
  18  1:30  Queen  
  20  1:33  Zergling x2  
  20  1:39  Overlord  
  21  1:49  Drone  
  22  1:59  Drone  
  23  2:06  Queen  
  25  2:11  Drone  
  26  2:19  Metabolic Boost  
  26  2:21  Queen, Drone  
  29  2:24  Drone  
  30  2:32  Drone  
  30  2:33  Drone  
  32  2:37  Overlord  
  32  2:38  Drone  
  32  2:39  Drone  
  32  2:42  Drone  
  35  2:45  Drone  
  35  2:54  Drone  
  36  3:02  Hatchery  
  36  3:04  Drone x2  
  37  3:06  Drone  
  37  3:10  Zergling x4  
  37  3:12  Drone  
  41  3:15  Overlord  
  41  3:18  Drone  
  41  3:19  Drone  
  43  3:21  Drone  
  43  3:26  Drone  
  44  3:32  Overlord  
  44  3:33  Drone  
  45  3:39  Drone  
  46  3:42  Queen x2  
  46  3:45  Drone x2  
  52  3:51  Drone x3  
  52  3:53  Zergling x4  
  57  3:57  Overlord  
  56  4:04  Zergling x2  
  56  4:07  Drone  
  49  4:12  Drone  
  49  4:14  Drone  
  49  4:15  Drone  
  49  4:20  Drone  
  49  4:21  Drone  
  49  4:22  Drone  
  52  4:25  Drone  
  52  4:27  Overlord  
  53  4:32  Drone  
  53  4:36  Drone  
  53  4:37  Drone  
  56  4:43  Drone  
  56  4:46  Evolution Chamber x2  
  56  4:47  Drone x4  
  56  4:49  Drone  
  59  4:53  Drone  
  59  4:59  Overlord  
  60  5:00  Drone x4  
  60  5:01  Drone x3  
  60  5:05  Drone  
  68  5:08  Overlord  
  68  5:16  Spore Crawler  
  68  5:17  Drone x4  
  68  5:20  Zerg Ground Armor Level 1  
  68  5:21  Zerg Missile Weapons Level 1  
  67  5:22  Zergling x2  
  67  5:24  Drone  
  67  5:27  Zergling x2  
  70  5:31  Drone x5  
  70  5:32  Drone  
  70  5:34  Zergling x2  
  75  5:37  Overlord  
  75  5:41  Drone  
  75  5:44  Drone  
  75  5:45  Drone x3, Lair  
  75  5:49  Drone  
  80  5:50  Extractor  
  80  5:51  Drone  
  80  5:52  Extractor x2  
  80  5:53  Extractor x2  
  80  5:55  Drone  
  77  5:59  Spore Crawler  
  77  6:00  Roach Warren  
  73  6:04  Drone x2  
  73  6:06  Drone x3  
  73  6:07  Drone  
  73  6:08  Spore Crawler  
  73  6:09  Drone  
  79  6:14  Drone  
  79  6:17  Drone x3, Hatchery  
  82  6:20  Drone  
  77  6:33  Drone x3  
  77  6:34  Drone x2  
  81  6:40  Drone x3  
  81  6:43  Glial Reconstitution  
  81  6:44  Infestation Pit  
  81  6:47  Queen  
  82  6:53  Overlord x2  
  84  6:55  Roach  
  84  6:56  Roach  
  88  7:03  Overlord  
  88  7:09  Roach  
  88  7:11  Overlord  
  88  7:13  Roach  
  88  7:14  Roach x2  
  88  7:15  Zerg Ground Armor Level 2  
  96  7:19  Zerg Missile Weapons Level 2  
  96  7:25  Roach, Extractor  
  96  7:26  Roach x2, Extractor  
  100  7:30  Roach  
  100  7:31  Roach x2  
  108  7:37  Roach x2  
  105  7:45  Drone x6  
  105  7:47  Drone  
  105  7:48  Drone x5  
  116  7:55  Infestor x2  
  116  7:56  Infestor  
  122  7:59  Burrow  
  122  8:05  Roach x3  
  128  8:10  Overlord  
  128  8:12  Hive  
  128  8:21  Overlord x2, Spire  
  128  8:24  Overlord  
  127  8:30  Roach  
  127  8:31  Roach x3  
  135  8:40  Roach x8  
  151  8:49  Roach x2  
  151  8:50  Roach x2  
  155  9:03  Roach  
  155  9:04  Roach  
  155  9:06  Overlord  
  159  9:14  Queen x2  
  159  9:15  Overlord x2  
  159  9:16  Queen  
  141  9:31  Ravager  
  142  9:33  Spore Crawler, Zerg Ground Armor Level 3  
  142  9:35  Greater Spire  
  142  9:36  Roach  
  142  9:37  Roach x5  
  154  9:38  Ravager  
  154  9:39  Ravager x3, Zerg Missile Weapons Level 3  
  154  9:41  Drone x2  
  154  9:44  Spore Crawler  
  158  9:46  Pneumatized Carapace  
  156  9:57  Roach x5  
  156  9:58  Roach  
  158  10:01  Roach x2  
  162  10:07  Corruptor x2  
  162  10:13  Ravager x2  
  168  10:16  Drone x4  
  172  10:27  Corruptor x3  
  172  10:47  Brood Lord x2  
  172  10:49  Overlord  
  176  10:50  Overlord  
  176  10:53  Hatchery  
  175  11:01  Brood Lord  
  175  11:02  Brood Lord x2  
  175  11:04  Spore Crawler  
  180  11:05  Spore Crawler  
  179  11:14  Spore Crawler  
  166  11:22  Drone  
  166  11:23  Spire, Drone x3  
  166  11:33  Spore Crawler  
  166  11:34  Spore Crawler  
  166  11:35  Queen x4  
  170  11:42  Drone x4  
  174  11:47  Drone x3  
  174  11:48  Extractor  
  176  11:54  Viper x3  
  185  12:04  Ravager x2, Spore Crawler  
  185  12:05  Ravager x3  
  185  12:07  Zerg Flyer Armor Level 1  
  189  12:11  Queen x2  
  189  12:14  Queen  
  189  12:15  Queen  
  197  12:22  Drone x3  
  200  12:24  Spore Crawler  
  200  12:25  Spore Crawler  
  200  12:27  Zerg Melee Weapons Level 1  
  198  12:46  Queen  
  198  12:52  Roach x3  
  182  13:08  Corruptor  
  182  13:09  Corruptor x4  
  187  13:15  Corruptor x4  
  187  13:16  Corruptor  
  197  13:28  Zerg Flyer Weapons Level 1  
  197  13:37  Drone x3  
  200  13:52  Spore Crawler  
  200  13:55  Spore Crawler x3  
  196  13:56  Extractor  
  196  13:58  Spore Crawler  
  196  13:59  Overseer  
  196  14:00  Overseer  
  196  14:02  Zerg Flyer Armor Level 2  
  194  14:07  Spore Crawler  
  199  14:10  Brood Lord x3  
  199  14:18  Ravager  
  199  14:24  Zerg Melee Weapons Level 2  
  200  14:43  Brood Lord x2  
  154  15:36  Corruptor x4  
  154  15:40  Infestor x2  
  154  15:41  Infestor  
  154  15:42  Brood Lord x5  
  170  15:44  Queen x3  
  170  15:45  Queen  
  170  15:47  Extractor  
  170  15:48  Extractor  
  170  15:49  Roach  
  186  15:50  Roach x5  
  186  15:52  Roach x6  
  200  16:00  Zerg Flyer Weapons Level 2  
  200  16:01  Hatchery  
  199  16:10  Spore Crawler  
  200  16:11  Brood Lord  
  200  16:21  Zerg Flyer Armor Level 3  
  198  16:50  Brood Lord  
  196  17:02  Infestor x2  
  198  17:26  Drone x2  
  200  17:43  Overseer x3  
  200  18:17  Zerg Flyer Weapons Level 3  
  200  18:22  Spore Crawler x5  
  200  18:23  Spore Crawler x2  
  189  18:27  Spore Crawler  
  189  18:29  Spore Crawler  
  184  18:50  Spore Crawler  
  182  18:57  Hatchery  
  181  19:08  Spore Crawler  
  180  19:14  Spore Crawler  
  180  19:16  Spore Crawler  
  178  19:43  Brood Lord x2  
  160  19:53  Queen x3, Overlord x2  
  160  19:54  Viper x2  
  172  20:09  Roach x2  
  172  20:10  Roach x7  
  172  20:12  Queen x2  
  192  20:28  Queen  
  192  20:52  Infestor x2  
  192  20:54  Overlord x2, Pathogen Glands  
  192  20:56  Adrenal Glands, Zerg Melee Weapons Level 3  
  194  21:15  Overseer  
  194  21:16  Overseer  
  194  21:22  Ravager x2  
  194  21:23  Ravager  
  197  21:26  Spore Crawler, Spine Crawler  
  197  21:27  Spore Crawler, Spine Crawler  
  197  21:28  Spore Crawler, Drone x6  
  197  21:29  Spine Crawler, Drone  
  197  21:30  Spine Crawler, Extractor, Drone x2  
  197  21:31  Drone x2  
  200  21:33  Extractor  
  199  22:04  Overseer  
  199  22:05  Overseer x2  
  199  22:16  Overseer  
  199  22:17  Overseer x2  
  195  23:57  Overlord x2  
  158  24:16  Roach  
  164  24:17  Roach x7, Overlord x2  
  164  24:22  Overlord x2  
  164  24:23  Corruptor x4  
  172  24:24  Infestor x2  
  176  24:57  Viper x2  
  182  25:02  Spore Crawler  
  181  25:17  Corruptor x2  
  181  25:26  Roach  
  185  25:39  Ravager  
  185  25:40  Ravager, Roach  
  185  25:41  Roach x5  
  198  25:50  Brood Lord  
  198  25:53  Brood Lord x2  
  197  26:33  Hatchery  
  197  26:36  Corruptor x2  
  200  27:01  Spore Crawler x3  
  199  27:02  Spore Crawler x3  
  199  27:03  Spore Crawler x2  
  199  27:04  Spore Crawler x2  
  190  27:09  Spore Crawler x2  
  190  27:10  Spore Crawler  
  190  27:11  Spore Crawler  
  181  27:45  Brood Lord x2  
  179  27:54  Zergling x34  
  179  27:55  Zergling x8, Hatchery  
  199  28:13  Extractor  
  194  28:33  Zergling x2  
  194  28:34  Zergling x22  
  189  28:55  Zergling x12  
  192  29:00  Zergling x10  
  174  29:14  Corruptor x2  
  174  29:15  Infestor x2  
  162  29:47  Zergling x38  
  162  29:48  Zergling x12  
  162  29:52  Zergling x2  
  178  29:58  Brood Lord x2  
  174  30:07  Queen  
  174  30:08  Queen  
  178  30:19  Zergling x2  
  178  30:20  Zergling x28  
Show
View Real Time Build Order
Export as new Build Order

Kelazhur Terran 

Build Orders: Gas First Reaper Expand, Hellion Opening, Reaper Expand, Bio Tank 

Get SALT Encoding   

  12  0:00  SCV  
  13  0:12  SCV  
  14  0:17  Supply Depot  
  14  0:25  SCV  
  15  0:30  Refinery  
  15  0:38  SCV  
  16  0:44  Barracks  
  16  0:50  SCV  
  17  1:03  SCV  
  18  1:15  SCV  
  19  1:31  Orbital Command, Reaper  
  20  1:42  Command Center  
  20  1:53  Factory  
  20  1:57  SCV  
  21  2:03  Refinery  
  21  2:06  Barracks Reactor  
  21  2:09  SCV  
  22  2:15  Supply Depot  
  22  2:21  SCV  
  23  2:37  SCV  
  23  2:39  Starport  
  24  2:49  SCV  
  25  2:52  Hellion x2  
  29  2:59  Barracks Tech Lab  
  29  3:01  SCV  
  30  3:08  Orbital Command  
  30  3:16  SCV, Hellion x2  
  35  3:24  Viking  
  37  3:30  SCV  
  38  3:37  SCV  
  39  3:42  SCV  
  39  3:43  Supply Depot  
  39  3:44  Hellion  
  39  3:45  Hellion  
  44  3:51  SCV  
  45  3:57  SCV  
  45  4:05  Medivac  
  45  4:06  Widow Mine x2  
  45  4:08  SCV  
  50  4:11  SCV  
  45  4:20  SCV  
  45  4:23  SCV  
  47  4:25  Supply Depot  
  47  4:32  SCV  
  47  4:33  Marine, Stimpack  
  47  4:34  Liberator  
  47  4:37  SCV  
  47  4:38  Command Center  
  50  4:39  Supply Depot  
  50  4:43  Hellion x2  
  54  4:46  SCV  
  58  4:54  SCV  
  58  4:58  Marine, SCV  
  58  4:59  Supply Depot  
  61  5:06  SCV  
  62  5:11  Barracks, SCV  
  62  5:12  Barracks  
  63  5:17  Marine, Factory Reactor  
  63  5:19  SCV  
  65  5:23  SCV  
  66  5:31  SCV  
  66  5:33  Engineering Bay  
  66  5:34  Refinery, Engineering Bay  
  66  5:35  Marine, SCV, Refinery  
  69  5:42  Starport Reactor  
  69  5:43  SCV  
  69  5:47  Supply Depot, SCV  
  69  5:50  SCV  
  69  5:53  Marine  
  69  5:55  SCV  
  72  6:05  Terran Infantry Weapons Level 1  
  72  6:06  Terran Infantry Armor Level 1  
  72  6:07  Barracks  
  72  6:08  Orbital Command, SCV x2  
  72  6:10  Barracks  
  72  6:11  Marine  
  72  6:18  Marine x3  
  75  6:20  Medivac  
  75  6:22  Medivac  
  75  6:24  SCV  
  79  6:26  Marine  
  79  6:27  SCV  
  79  6:29  Factory Tech Lab, Marine  
  80  6:35  Orbital Command  
  80  6:36  Marine x2  
  80  6:37  SCV  
  77  6:40  SCV  
  77  6:46  Marine x2  
  77  6:49  SCV  
  77  6:51  Combat Shields  
  77  6:52  Armory  
  77  6:53  SCV  
  79  6:55  Barracks Reactor  
  79  6:56  Siege Tank  
  79  6:57  Barracks Reactor  
  82  7:01  SCV  
  82  7:02  Marine x2, SCV  
  82  7:07  SCV  
  82  7:08  Marine x3  
  90  7:11  Medivac x2  
  90  7:13  Supply Depot, SCV  
  95  7:16  SCV  
  95  7:18  Supply Depot  
  95  7:19  SCV, Refinery  
  95  7:20  Marine x2  
  99  7:25  Marine, SCV  
  101  7:33  Supply Depot x2  
  101  7:35  Siege Tank, Marine x3, Marauder  
  109  7:40  Marine x3, SCV  
  109  7:43  SCV  
  114  7:48  Medivac x2  
  114  7:49  Marine  
  117  7:54  Marine  
  117  7:56  SCV x3  
  117  7:57  Factory, Marauder  
  123  7:59  Supply Depot  
  123  8:00  Supply Depot  
  123  8:02  Command Center  
  123  8:07  Marine x6  
  123  8:08  Siege Tank  
  123  8:11  Terran Infantry Weapons Level 2  
  132  8:15  Marine  
  133  8:20  Marine  
  133  8:21  Marauder  
  133  8:23  Terran Infantry Armor Level 2  
  136  8:28  Terran Vehicle Weapons Level 1, Refinery  
  136  8:29  Marine x6  
  142  8:40  Siege Tank  
  144  8:45  Marauder  
  145  8:52  Marine  
  145  8:54  Factory Tech Lab  
  146  9:00  Medivac, Marine  
  148  9:05  Supply Depot  
  148  9:06  Marine, Marauder  
  145  9:12  Supply Depot, Marine x4  
  145  9:13  Marine x2  
  145  9:14  Siege Tank  
  153  9:18  Barracks x2, Marine  
  153  9:19  Barracks  
  139  9:27  Marauder  
  139  9:28  Supply Depot, Marine  
  139  9:30  Siege Tank  
  130  9:40  Medivac x2, Marine  
  130  9:41  Marine x6  
  130  9:45  SCV x3  
  144  9:46  Planetary Fortress  
  144  9:51  Marine, Marauder  
  145  9:59  Marine x4  
  135  10:00  Marine  
  135  10:01  SCV  
  136  10:08  Marine  
  136  10:11  Marine x2  
  136  10:13  Marauder  
  144  10:14  Siege Tank x2  
  144  10:15  Barracks Tech Lab x2  
  144  10:16  Marine  
  144  10:17  Marine, Barracks Reactor  
  144  10:18  Marine x2  
  151  10:30  Marine  
  151  10:31  Marine x3  
  151  10:34  Marine x2, Marauder  
  159  10:35  Marine  
  159  10:36  Terran Infantry Weapons Level 3  
  160  10:46  Siege Tank  
  163  10:52  Marauder  
  163  10:55  Marine x5  
  163  10:56  Marine x6, Marauder  
  178  10:58  Siege Tank  
  178  11:02  Starport, Medivac x2  
  178  11:03  Starport  
  185  11:13  Marine  
  185  11:14  Marauder  
  185  11:15  Marine  
  185  11:16  Terran Infantry Armor Level 3  
  183  11:23  Marine x2, Marauder  
  183  11:24  Siege Tank  
  175  11:26  Marine  
  167  11:33  Marine, Marauder  
  167  11:37  Marine  
  167  11:38  Viking, Marine  
  167  11:39  Viking  
  175  11:43  Marauder  
  175  11:44  Marine x2  
  175  11:45  Marine x4  
  175  11:46  Marine, Marauder  
  185  11:51  Marine  
  186  11:55  Marauder  
  188  12:06  Command Center  
  188  12:07  Starport Tech Lab, Starport Reactor  
  188  12:10  Supply Depot  
  188  12:24  Terran Ship Weapons Level 1  
  188  12:31  Medivac, Marine x6  
  196  12:38  Sensor Tower  
  196  12:39  Missile Turret  
  196  12:40  Marine, Missile Turret  
  196  12:42  Medivac  
  196  12:43  Thor  
  194  12:50  Viking  
  194  12:51  Viking  
  193  12:54  Marine x7, Marauder  
  193  12:56  Marauder  
  193  13:03  Marine x3, Marauder  
  193  13:04  Viking x2  
  167  13:12  Viking, Marine x6  
  169  13:13  Marine  
  169  13:16  Marauder  
  169  13:19  Planetary Fortress  
  169  13:20  Viking, Marine  
  169  13:21  Viking, Marine x2, Marauder  
  169  13:24  Marine  
  178  13:34  Viking  
  178  13:38  Viking, Marine  
  178  13:39  Marine, Marauder  
  186  13:42  Viking  
  186  13:47  Marine x6, Marauder  
  196  13:50  Viking  
  196  13:51  Marine  
  196  13:54  SCV, Refinery  
  200  14:11  Fusion Core  
  200  14:17  Refinery  
  200  14:19  Refinery  
  200  14:23  Command Center  
  198  14:27  Unknown x2  
  178  14:46  Viking x3, Ghost Academy  
  178  14:47  Viking  
  186  15:03  Medivac  
  186  15:07  Terran Ship Weapons Level 2  
  186  15:10  Armory  
  186  15:16  Medivac x2  
  186  15:26  Marauder  
  186  15:27  Marauder  
  186  15:28  Unknown  
  157  15:32  Marauder  
  157  15:33  Marine x10  
  144  15:41  Planetary Fortress  
  142  15:47  Marauder  
  142  15:48  SCV x3, Marauder  
  149  15:50  Medivac x3  
  149  15:51  Marine x2  
  149  15:56  Marauder  
  159  16:01  Marine  
  160  16:05  Siege Tank x2  
  160  16:06  Marine x3  
  160  16:07  Marine x4  
  160  16:09  Ghost, Marine x2, Marauder  
  179  16:17  Ghost  
  181  16:19  Command Center  
  181  16:22  SCV x2, Refinery  
  181  16:23  SCV  
  184  16:29  Ghost  
  184  16:30  Viking  
  184  16:31  Viking x3  
  194  16:33  Viking  
  196  16:41  Concussive Shells  
  193  17:00  Viking  
  193  17:01  Viking x2  
  198  17:02  Viking  
  198  17:06  Command Center x2  
  200  17:20  Personal Cloaking  
  195  17:24  Viking, Refinery  
  195  17:25  Refinery  
  196  17:30  Viking  
  196  17:31  Viking  
  200  17:54  Orbital Command  
  200  17:59  Terran Ship Weapons Level 3  
  200  18:00  Terran Vehicle And Ship Armor Level 1  
  200  18:19  Unknown x3  
  200  18:20  Unknown x4  
  200  18:21  Unknown  
  196  18:51  Nuke  
  196  18:54  Ghost Academy  
  192  18:59  Starport  
  192  19:00  Starport  
  192  19:02  Starport  
  188  19:03  Starport  
  181  19:30  Viking x2  
  181  19:31  Viking  
  183  19:39  Ghost x3  
  168  19:54  Viking x2  
  168  19:55  Marine x8  
  168  19:56  Planetary Fortress  
  160  20:00  Viking x2  
  160  20:03  Marine x2  
  160  20:04  Viking  
  150  20:08  Ghost, Missile Turret  
  150  20:09  Refinery, Marauder x2  
  150  20:12  Refinery  
  146  20:17  Marine  
  141  20:24  Viking x2  
  140  20:30  Viking x2, Marauder x2  
  140  20:34  Viking  
  146  20:37  Marauder  
  146  20:42  Marine x9  
  157  20:51  Nuke, Marauder x2  
  157  20:52  Nuke  
  157  20:54  Viking x2  
  157  20:56  Marine  
  166  20:58  Marauder  
  166  20:59  Marine  
  166  21:00  Viking, Marine x2  
  173  21:11  Siege Tank x2  
  176  21:13  Marauder  
  178  21:29  Marauder  
  180  21:37  Marauder  
  180  21:39  Command Center, Medivac x3  
  188  21:40  Medivac  
  188  21:41  Marine x8, Marauder  
  190  21:50  Marauder  
  191  21:55  Hi-Sec Auto Tracking, Building Armor  
  191  21:56  Terran Vehicle And Ship Armor Level 2  
  191  21:58  Marauder  
  191  22:00  SCV x2  
  191  22:01  Orbital Command, SCV  
  196  22:04  Missile Turret  
  196  22:12  Unknown x2, Missile Turret  
  196  22:14  Missile Turret  
  196  22:17  Missile Turret x2  
  196  22:18  Missile Turret x2  
  196  22:23  Ghost  
  196  22:26  Ghost  
  198  22:37  Ghost  
  197  22:46  Command Center  
  197  22:49  Siege Tank  
  200  22:58  Marauder  
  195  23:02  Marauder  
  193  23:07  Siege Tank  
  193  23:08  Viking  
  193  23:09  Viking  
  200  23:13  Nuke x2  
  199  23:23  Planetary Fortress  
  199  23:24  Command Center  
  199  23:43  Marine  
  199  23:47  Unknown x8  
  200  23:51  Marauder  
  200  23:52  Ghost x2  
  200  23:53  Marine  
  199  23:56  Marine  
  175  24:12  Marauder  
  158  24:21  Viking x2, Marine x3  
  158  24:22  Marine, Marauder x2  
  162  24:33  Marauder  
  157  24:39  Marine  
  157  24:42  Marine x7  
  157  24:43  Marauder x2  
  160  24:51  Orbital Command  
  160  24:53  Marine  
  160  24:54  Ghost  
  160  24:57  Nuke x2  
  163  25:00  Liberator x3  
  163  25:01  Liberator  
  163  25:03  Ghost  
  163  25:19  Viking  
  177  25:21  Marine, Marauder  
  177  25:22  Ghost  
  180  25:32  Ghost  
  180  25:49  Viking  
  182  25:50  Terran Vehicle And Ship Armor Level 3  
  182  25:52  Ghost x2  
  184  26:00  Viking x2  
  184  26:01  Ghost  
  188  26:18  Siege Tank x2  
  191  26:21  Ghost x2  
  193  26:30  Marine  
  189  26:34  Marine, Marauder  
  189  26:35  Marine x8  
  199  26:42  Command Center  
  199  27:15  Marine  
  198  27:30  Nuke  
  198  27:31  Nuke  
  198  27:33  Marauder  
  199  27:50  Ghost  
  199  27:51  Ghost  
  193  28:16  Missile Turret  
  193  28:17  Sensor Tower  
  193  28:18  Missile Turret  
  192  28:41  Orbital Command  
  185  28:48  Marauder  
  185  28:49  Marine  
  185  28:50  Marauder  
  181  29:03  Nuke  
  181  29:04  Nuke  
  151  29:43  Marine x11, Marauder x2  
  141  30:01  Marine x2  
  141  30:05  Marine x2  
  141  30:06  Marine x5, Marauder  
  141  30:07  Marine x3  
  146  30:10  Medivac x2  
  153  30:14  Planetary Fortress  
  153  30:17  Refinery x2  
  148  30:25  Nuke x2  
  148  30:27  Marine  
  141  30:30  Marine  
  135  30:37  Marine  
  135  30:38  Marauder  
  136  30:42  Marine  
Tags
 
Add a new tag
Caveats
  • Supply blocks, unpowered buildings, or Contaminate may cause inaccurate times.
  • Supply counts are checked every 10 seconds.